 Dungeon Crawl Stone Soup version 0.29.1-12-g30fa7ad0bf (webtiles) character file.

Game seed: 17165124171451286606

112 fleeber the Digger (level 4, -3/26 HPs)
             Began as a Gargoyle Earth Elementalist on Dec 20, 2022.
             Slain by Grinder (4 damage)
             ... on level 3 of the Dungeon.
             The game lasted 00:12:33 (3020 turns).

fleeber the Digger (Gargoyle Earth Elementalist)    Turns: 3020, Time: 00:12:33

Health: -3/26      AC:  6    Str: 11    XL:     4   Next: 93%
Magic:  7/8        EV: 11    Int: 18    God:
Gold:   131        SH:  3    Dex: 10    Spells: 8/9 levels left

rFire   . . .      SeeInvis .   f - +0 mace
rCold   + . .      Faith    .   d - +0 buckler
rNeg    + + .      Spirit   .   j - +0 leather armour {rC+}
rPois   ∞          Reflect  .   (no helmet)
rElec   +          Harm     .   (no cloak)
rCorr   +          Rampage  .   (no gloves)
Will    .....                   (no boots)
Stlth   ++........              (no amulet)
HPRegen 0.08/turn               h - ring of resist corrosion
MPRegen 0.11/turn               m - ring of positive energy

@: no status effects
A: sickness immunity, AC +3, negative energy resistance 1, electricity
resistance, torment resistance 1, petrification resistance
a: no special abilities


You were on level 3 of the Dungeon.
You visited 1 branch of the dungeon, and saw 3 of its levels.

You collected 131 gold pieces.

Inventory:

Hand Weapons
 f - a +0 mace (weapon)
Missiles
 e - 12 stones (quivered)
Armour
 d - a +0 buckler (worn)
 j - a +0 leather armour of cold resistance (worn)
Jewellery
 h - a ring of resist corrosion (left hand)
 m - a ring of positive energy (right hand)
Scrolls
 c - a scroll of enchant weapon {unknown}
 l - 2 scrolls of immolation {unknown}
 n - 2 scrolls of fog {unknown}
Potions
 a - a potion of curing {unknown}
 g - a potion of lignification {unknown}
 i - a potion of might {unknown}
 k - 3 potions of heal wounds {unknown}


   Skills:
 - Level 2.2 Fighting
 - Level 1.5 Dodging
 - Level 2.1 Stealth
 - Level 1.0 Shields
 + Level 3.0 Spellcasting
 + Level 0.7 Conjurations
 - Level 0.7 Transmutations
 + Level 4.7 Earth Magic


You had 8 spell levels left.
You knew the following spells:

 Your Spells              Type           Power      Damage    Failure   Level
a - Sandblast             Erth           38%        2d10      4%          1

Your spell library contained the following spells:

 Spells                   Type           Power      Damage    Failure   Level
 Passwall                 Tmut/Erth      10%        N/A       14%         2
 Stone Arrow              Conj/Erth      24%        3d8       28%         3
 Blink                    Tloc           4%         N/A       41%         2
 Gell's Gravitas          Tloc           2%         N/A       65%         3
 Lesser Beckoning         Tloc           2%         N/A       65%         3
 Summon Guardian Golem    Hex/Summ       2%         N/A       65%         3
 Teleport Other           Tloc           2%         N/A       65%         3
 Petrify                  Tmut/Erth      12%        N/A       67%         4
 Manifold Assault         Tloc           2%         N/A       100%        5
 Dispersal                Tloc           1%         N/A       100%        6
 Orb of Destruction       Conj           2%         9d5       100%        7
 Spellforged Servitor     Conj/Summ      2%         N/A       100%        7


Dungeon Overview and Level Annotations

Branches:
Dungeon (3/15)

Altars:

Shops:
D:1 (

Annotations:
D:3 2 exclusions, Grinder


Innate Abilities, Weirdness & Mutations

You are immune to sickness and miasma.
Your stone body is resilient. (AC +3)
You are immune to poison.
You resist negative energy. (rN+)
You are resistant to electric shocks. (rElec)
You are resistant to unholy torment.
You are immune to petrification.


Message History

You miscast Sandblast.
You are very lightly contaminated with residual magic.
Nothing appears to happen.
Grinder blinks!
Aiming: Sandblast (safe; 4% risk of failure)
Press: ? - help, Shift-Dir - straight line, f/p - Grinder
Aim: Grinder (severely wounded, 80% to hit)
The blast of sand misses Grinder.
Grinder gestures at you. You resist with significant effort.
Aiming: Sandblast (safe; 4% risk of failure)
Press: ? - help, Shift-Dir - straight line, f/p - Grinder
Aim: Grinder (severely wounded, 80% to hit)
The blast of sand hits Grinder.
Grinder is severely wounded.
Aiming: Sandblast (safe; 4% risk of failure)
Press: ? - help, Shift-Dir - straight line, f/p - Grinder
Aim: Grinder (severely wounded, 80% to hit)
The blast of sand hits Grinder!
Grinder is almost dead.
Grinder gestures at you.
You suddenly lose the ability to move!
Grinder hits you.
* * * LOW HITPOINT WARNING * * *
Grinder gestures at you. You resist with significant effort. Grinder hits you.
* * * LOW HITPOINT WARNING * * *
You writhe in agony.
* * * LOW HITPOINT WARNING * * *
Your magical contamination has completely faded away.
Grinder hits you but does no damage. x2
You can move again.
You don't have enough magic to cast this spell.
Magic courses through your body. Grinder gestures at you.
You are unaffected.
Aiming: Sandblast (safe; 4% risk of failure)
Press: ? - help, Shift-Dir - straight line, f/p - Grinder
Aim: Grinder (almost dead, 80% to hit)
The blast of sand misses Grinder.
Grinder hits you.
You die...

.....####....#######
..#### ##....#....#
#..## ##..##.#....#
.#..####..###.....>#
...................#
###......####......#
# ####.#..# ##.....#
####..##.####.<5..#
##....###..##...@..#
)).#### ##..#)#....#
###########........#
........#.##...##
........#.####.#
........#.# ##
........#.#
###.#.....#
#...#####


You could see Grinder.

Vanquished Creatures
  Robin (D:1)
  3 adders
  A worm (D:3)
  2 dart slugs (D:1)
  2 orcs (D:3)
  2 endoplasms
  2 giant cockroaches (D:3)
  16 goblins
  7 hobgoblins
  A kobold (D:1)
  2 quokkas
  7 ball pythons
  6 bats
  3 frilled lizards (D:1)
  7 rats
62 creatures vanquished.

Notes
Turn   | Place    | Note
-------+----------+-------------------------------------------
     0 | D:1      | fleeber the Gargoyle Earth Elementalist began the quest for
                  | the Orb.
     0 | D:1      | Reached XP level 1. HP: 10/10 MP: 3/3
    43 | D:1      | Found Puss's Weapon Emporium.
   216 | D:1      | Reached XP level 2. HP: 16/16 MP: 1/5
   368 | D:1      | Reached skill level 1 in Fighting
   454 | D:1      | Found a faded altar of an unknown god.
   501 | D:1      | Reached skill level 4 in Earth Magic
  1175 | D:2      | Reached XP level 3. HP: 20/20 MP: 2/6
  1370 | D:2      | Reached skill level 1 in Shields
  1671 | D:2      | Reached XP level 4. HP: 26/26 MP: 5/7
  1843 | D:2      | Identified the +0 helmet of the Demon Prince {Str+2}
  1843 | D:2      | Noticed Robin
  1874 | D:1      | Killed Robin
  2871 | D:3      | Noticed Grinder
  3004 | D:3      | Paralysed by Grinder for 4 turns
  3014 | D:3      | Paralysed by Grinder for 5 turns
  3016 | D:3      | HP: 1/26 [Grinder (1)]
  3020 | D:3      | Slain by Grinder

Illustrated notes

Levels and vault maps discovered:
D:1:      shiori_shiawase, layout_loops_corners, ebering_ecumenical_altar_mist,
          serial_shops, nicolae_shop_bloodbath_and_beyond, serial_glass,
          glass_columns_a, glass_columns_b, glass_columns_c, glass_columns_b
D:2:      layout_loops_ring, serial_rivers, chequers_serial_rivers_small_3,
          chequers_serial_rivers_room_b, chequers_serial_rivers_small_b,
          chequers_serial_rivers_micro_e, chequers_serial_rivers_large_b,
          uniq_robin
D:3:      layout_rooms, nicolae_concentric_dashed_squares_mild,
          dreamdust_princess_bridge, uniq_grinder

Skill      XL: |  1  2  3  4 |
---------------+-------------+-----
Fighting       | 1 2 |  2.2
Earth Magic    | 4 |  4.7
Shields        | 1 |  1.0
Spellcasting   | 3 |  3.0
Dodging        | |  1.5
Stealth        | |  2.1
Conjurations   | |  0.7
Transmutations | |  0.7

Action                   |  1- 3 |  4- 6 || total
-------------------------+-------+-------++-------
Throw: Stone             |     2 |     2 ||     4
 Cast: Sandblast         |    49 |    53 ||   102
  Use: Potion            |       |     1 ||     1
Armor: Robe              |     7 |       ||     7
       Leather armour    |     2 |     8 ||    10
Dodge: Dodged            |    10 |     6 ||    16
Block: Buckler           |     2 |     1 ||     3
